AoeStats
← iM 我要打十个

Arena

504967651Analyzed
4v4 RM · 26d ago on Sep 7, 2026· 14m 37s· 8 players
Game mode
Random Map
Map size
Large (8 player)
Population
200
Speed
Normal
Resources
Standard
Victory
Conquest
Starting age
Dark Age
Ending age
Imperial Age
RankedLock teamsTeams togetherTeam positionsShared explorationLock speedFull tech treeHidden civsTurbo modeCheats
Victory
Defeat
🇨🇳 Sicilians · China
1336
+7
🇨🇳 Saracens · China
1102
+16
🇵🇱 Byzantines · Poland
1055
+17
🇨🇳 Bulgarians · China
1046
+18
🇹🇷 Malians · Türkiye
1114
-15
🇺🇸 Khmer · United States
1105
-15
🇲🇻 Bohemians · Maldives
1098
-14
🇮🇳 Turks · India
1089
-14
samjee
hknarsln
findingmontoo7
Exsilire
tiwaz55
10:42 Feudal Age
11:06 Feudal Age
11:07 Loom
cloud678
2:01 Loom
10:19 Feudal Age
14:50 Castle Age
不会打弓
11:40 Feudal Age
15:43 Castle Age
14:01 Horse Collar
14:33 Double-Bit Axe
iM 我要打十个
1:33 Loom
4:43 Loom
5:41 Loom
10:12 Feudal Age
17:14 Castle Age
Connection lost

Rejoining the realm…

Still unreachable

The connection could not be restored.

Session expired

The server has moved on; the page needs a fresh start.